 Dungeon Crawl Stone Soup version bcrawl-1.30.1 (webtiles) character file.

Game seed: 15571823358615851446

12313167 Artagas the Pyromancer (level 27, 175/175 HPs)
             Began as an Octopode Fire Elementalist on Mar 11, 2021.
             Was the Champion of Vehumet.
             Escaped with the Orb
             ... and 3 runes on Mar 12, 2021!
             The game lasted 04:59:03 (79402 turns).

Artagas the Pyromancer (OpFE)                      Turns: 79402, Time: 04:59:04

Health: 175/175    AC:  8    Str: 13    XL:     27
Magic:  56/56      EV: 21    Int: 45    God:    Vehumet [******]
Gold:   705        SH:  9    Dex: 12    Spells: 7/66 levels left

rFire    + + +     SeeInvis .   J - +7 dagger "Killer Bee's Doom" {flame, rPois MR+ Str+3 Int+7}
rCold    + . .     Gourm    .   Y - +2 buckler {reflect}
rNeg     . . .     Faith    .   C - +2 hat
rPois    +         Spirit   .   d - scarf {rC+ rF+}
rElec    +         Reflect  +   g - amulet of the Cockroach {Acrobat +Blink Str+2}
rCorr    .         Harm     .   a - +4 ring of intelligence
MR       +++++     Rnd*Rage +   N - ring of magical power
Stlth    +.........             B - ring of protection from fire
HPRegen  0.39/turn              b - ring of insulation
MPRegen  0.35/turn              f - ring of protection from fire
                                Z - +3 ring of intelligence
                                p - +5 ring of protection
                                u - ring of the Mage {Wiz MR++ Int+3}

@: studying Stealth, deflect missiles
A: almost no armour, stealthy swim, amphibious, 8 rings, constrict 8, camouflage
1, berserk 1, frail 1, screaming 1, weak 1, gelatinous body 1
0: Orb of Zot
}: 3/15 runes: decaying, slimy, gossamer
a: Renounce Religion, Evoke Blink


You escaped.
You worshipped Vehumet.
Vehumet was exalted by your worship.
You were not hungry.

You visited 11 branches of the dungeon, and saw 46 of its levels.

You collected 6080 gold pieces.
You spent 5375 gold pieces at shops.

Inventory:

Hand Weapons
 J - the +7 dagger "Killer Bee's Doom" (weapon) {flame, rPois MR+ Str+3 Int+7}
   (You found it on level 12 of the Dungeon)

   It has been specially enchanted to surge with flame as it hits, increasing
   damage dealt by approximately one third against foes not resistant or
   susceptible to fire.
   It affects your strength (+3).
   It affects your intelligence (+7).
   It protects you from poison.
   It affects your resistance to hostile enchantments.
Missiles
 V - 10 throwing nets {=f}
Armour
 d - a scarf of resistance (worn)
   (You acquired it on level 5 of the Realm of Zot)
 C - a +2 hat (worn)
   (You found it on level 5 of the Dungeon)
 Y - a +2 buckler of reflection (worn)
   (You took it off a spriggan defender on level 3 of the Depths)
Jewellery
 a - a +4 ring of intelligence (left tentacle)
   (You found it on level 2 of the Dungeon)
 b - a ring of insulation (on tentacle)
   (You bought it in a shop in the Orcish Mines)
 c - an uncursed ring of protection from cold
   (You found it on level 2 of the Elven Halls)
 f - a ring of protection from fire (on tentacle)
   (You bought it in a shop in the Orcish Mines)
 g - the amulet of the Cockroach (around mantle) {Acrobat +Blink Str+2}
   (You bought it in a shop in the Orcish Mines)

   [amulet of the acrobat]

   It helps you evade while moving and waiting.
   It affects your strength (+2).
   It lets you blink.
 i - an uncursed ring of see invisible
   (You found it on level 9 of the Dungeon)
 k - an uncursed ring of resist corrosion
   (You found it on level 4 of the Lair of Beasts)
 p - a +5 ring of protection (on tentacle)
   (You bought it in a shop in the Orcish Mines)
 u - the ring of the Mage (on tentacle) {Wiz MR++ Int+3}
   (You bought it in a shop on level 3 of the Elven Halls)

   [ring of wizardry]

   It improves your spell success rate.
   It affects your intelligence (+3).
   It affects your resistance to hostile enchantments.
 B - a ring of protection from fire (on tentacle)
   (You took it off a deep elf high priest on level 3 of the Elven Halls)
 N - a ring of magical power (right tentacle)
   (You bought it in a shop on level 3 of the Elven Halls)
 Q - the ring of Botzun {Fire Dex+6}
   (You acquired it on level 5 of the Pits of Slime)

   [ring of fire]

   It enhances your fire magic.
   It affects your dexterity (+6).
   It protects you from fire.
   It makes you vulnerable to cold.
 T - the ring "Kenidaf" {rElec rC- rN+ Slay+4 SInv}
   (You found it on level 5 of the Pits of Slime)

   [ring of positive energy]

   It affects your accuracy and damage with ranged weapons and melee attacks
   (+4).
   It makes you vulnerable to cold.
   It insulates you from electricity.
   It protects you from negative energy.
   It lets you see invisible.
 Z - a +3 ring of intelligence (on tentacle)
   (You found it on level 12 of the Dungeon)
Wands
 o - a wand of acid (8)
   (You found it on level 1 of the Depths)
 v - a wand of digging (28)
   (You found it on level 2 of the Lair of Beasts)
 D - a wand of paralysis (23)
   (You found it on level 1 of the Spider Nest)
 E - a wand of iceblast (56)
   (You found it on level 5 of the Dungeon)
 F - a wand of scattershot (17)
   (You found it on level 2 of the Swamp)
 I - a wand of disintegration (14)
   (You took it off a yaktaur on level 4 of the Depths)
 R - a wand of enslavement (15)
   (You found it on level 8 of the Dungeon)
Scrolls
 t - 11 scrolls of teleportation
 x - 2 scrolls of summoning
 z - 3 scrolls of blinking
 A - a scroll of fog
 K - 7 scrolls of immolation
 U - 3 scrolls of magic mapping
 X - 3 scrolls of fear
Potions
 h - 3 potions of haste
 j - 18 potions of lignification
 l - 8 potions of magic
 n - 2 potions of resistance
 q - 23 potions of curing
 s - 4 potions of agility
 w - 7 potions of heal wounds
 G - 6 potions of brilliance
 H - 7 potions of flight
 L - 9 potions of mutation
 M - 3 potions of berserk rage
 O - 3 potions of ambrosia
 S - 2 potions of invisibility
Miscellaneous
 m - a phantom mirror
 r - a phial of floods
   (You found it on level 3 of the Swamp)
 y - a lamp of fire
   (You found it on level 5 of the Pits of Slime)
 P - 2 boxes of beasts
 W - a lightning rod (4/4)
   (You found it on level 1 of the Elven Halls)
Comestibles
 e - 13 rations {!d}


   Skills:
 - Level 18.0 Fighting
 - Level 16.0 Dodging
 - Level 3.0 Stealth
 - Level 10.0 Shields
 - Level 20.0 Spellcasting
 - Level 18.0 Conjurations
 - Level 9.0 Hexes
 - Level 7.0 Charms
 - Level 5.0 Summonings
 - Level 6.0 Necromancy
 - Level 4.0 Translocations
 - Level 5.0 Transmutations
 - Level 21.0 Fire Magic
 - Level 7.0 Air Magic
 + Level 7.4 Evocations


You had 7 spell levels left.
You knew the following spells:

 Your Spells              Type           Power        Failure   Level  Hunger
a - Bolt of Draining      Conj/Necr      ########..   1%          5    None
b - Fire Storm            Conj/Fire      ########..   2%          9    #####..
c - Ignition              Fire           ########..   1%          8    ####...
d - Bolt of Fire          Conj/Fire      ########..   1%          6    None
e - Irradiate             Conj/Tmut      #######...   1%          5    None
f - Orb of Destruction    Conj           ########..   1%          7    #......
g - Invisibility          Hex            #######.     1%          6    None
h - Blink                 Tloc           N/A          1%          2    None
i - Summon Butterflies    Summ           ######..     1%          1    None
k - Deflect Missiles      Chrm/Air       #######...   2%          6    None
l - Flaming Arrows        Chrm/Fire      ########     0%          2    None
m - Call Imp              Summ           ######       1%          2    None

Your spell library contained the following spells:

 Spells                   Type           Power        Failure   Level  Hunger
 Lehudib's Crystal Spear  Conj/Erth      #######...   12%         8    ####...
 Glaciate                 Conj/Ice/Air   #######...   16%         8    ####...
 Flame Tongue             Conj/Fire      #####        0%          1    None
 Magic Dart               Conj           ####         0%          1    None
 Sting                    Conj/Pois      ####         0%          1    None
 Searing Ray              Conj           ########     0%          2    None
 Throw Frost              Conj/Ice       ######       0%          2    None
 Conjure Flame            Conj/Fire      ########     0%          3    None
 Inner Flame              Hex/Fire       N/A          0%          3    None
 Iskenderun's Mystic Bla  Conj           ########     0%          3    None
 Fulminant Prism          Conj/Hex       ########..   0%          4    None
 Sticky Flame             Conj/Fire      ########     0%          4    None
 Fireball                 Conj/Fire      ########..   0%          5    None
 Apportation              Tloc           ######       1%          1    None
 Beastly Appendage        Tmut           ######       1%          1    None
 Freeze                   Ice            #####.       1%          1    None
 Infusion                 Chrm           #######.     1%          1    None
 Summon Small Mammal      Summ           ####         1%          1    None
 Corpse Rot               Necr           N/A          1%          2    None
 Poisonous Vapours        Pois/Air       ######       1%          2    None
 Song of Slaying          Chrm           #######.     1%          2    None
 Sublimation of Blood     Necr           #######...   1%          2    None
 Swiftness                Chrm/Air       #######.     1%          2    None
 Beckoning                Tloc           ######....   1%          3    None
 Call Canine Familiar     Summ           ######..     1%          3    None
 Ignite Poison            Fire/Tmut/Pois #######.     1%          3    None
 Mephitic Cloud           Conj/Pois/Air  #######.     1%          3    None
 Ozocubu's Armour         Chrm/Ice       ######..     1%          3    None
 Portal Projectile        Tloc           ######       1%          3    None
 Recall                   Summ/Tloc      N/A          1%          3    None
 Regeneration             Chrm/Necr      #######...   1%          3    None
 Spectral Weapon          Hex/Chrm       #######.     1%          3    None
 Spider Form              Tmut/Pois      ###          1%          3    None
 Tukima's Dance           Hex            #######.     1%          3    None
 Vampiric Draining        Necr           #######...   1%          3    None
 Agony                    Necr           #######.     1%          4    None
 Force Lance              Tloc           ######..     1%          4    None
 Ice Form                 Ice/Tmut       ######..     1%          4    None
 Petrify                  Tmut/Erth      ######....   1%          4    None
 Summon Ice Beast         Ice/Summ       ######..     1%          4    None
 Summon Scorpions         Summ/Pois      ######..     1%          4    None
 Throw Icicle             Conj/Ice       #######.     1%          4    None
 Tree Form                Hex/Tmut       N/A          1%          4    None
 Aura of Abjuration       Summ           ######....   1%          5    None
 Iskenderun's Battlesphe  Conj/Chrm      ########     1%          5    None
 Lightning Bolt           Conj/Air       ########..   1%          5    None
 Piercing Shot            Chrm           #######...   1%          5    None
 Silence                  Hex/Air        #######...   1%          5    None
 Summon Demon             Summ           ######....   1%          5    None
 Summon Forest            Summ/Tloc      ######....   1%          5    None
 Summon Lightning Spire   Summ/Air       #######.     1%          5    None
 Summon Mana Viper        Hex/Summ       #######.     1%          5    None
 Venom Bolt               Conj/Pois      #######...   1%          5    None
 Conjure Ball Lightning   Conj/Air       ########..   1%          6    None
 Icicle Burst             Conj/Ice       #######...   1%          7    #......
 Olgreb's Toxic Radiance  Pois           #####....    2%          4    None
 Spellforged Servitor     Conj/Summ      #######...   2%          7    #......
 Death Channel            Chrm/Necr      #######...   3%          6    None
 Infestation              Hex/Tmut/Pois  ######...    6%          6    None
 Shadow Creatures         Summ           N/A          6%          6    None
 Dispersal                Tloc           ######....   9%          6    None
 Borgnjor's Vile Clutch   Necr/Erth      ######....   12%         6    None
 Haunt                    Necr/Summ      #######...   24%         7    #......
 Dragon Form              Tmut           ######.      28%         7    #......
 Monstrous Menagerie      Summ           ######....   28%         7    #......
 Summon Greater Demon     Summ           ######....   28%         7    #......
 Malign Gateway           Summ/Tloc      ######....   34%         7    #......
 Controlled Blink         Tloc           ######..     41%         7    #......
 Chain Lightning          Conj/Air       ########..   3%          8    ####...
 Discord                  Hex            #######...   41%         8    ####...
 Borgnjor's Revivificati  Necr           #######...   80%         8    ####...
 Necromutation            Tmut/Necr      #######.     86%         8    ####...
 Summon Horrible Things   Summ           ######....   90%         8    ####...
 Tornado                  Air            #######...   95%         9    #####..
 Dragon's Call            Summ           ######....   100%        9    #####..
 Shatter                  Erth           #####.....   100%        9    #####..


Dungeon Overview and Level Annotations

Branches:
Dungeon (12/12)            Temple (1/1) D:4            Lair (6/6) D:7
  Swamp (3/3) Lair:3       Spider (3/3) Lair:3        Slime (5/5) Lair:5
    Orc (1/1) D:10            Elf (3/3) Orc          Vaults (2/3) D:11
  Crypt (0/2) Vaults:1     Depths (5/5) D:12            Zot (5/5) Depths:5

Altars:
Ashenzari
Dithmenos
Elyvilon
Fedhas
Gozag
Hepliaklqana
Kikubaaqudgha
Lugonu
Makhleb
Nemelex Xobeh
Okawaru
Qazlal
Ru
Sif Muna
Trog
Uskayaw
Vehumet
Wu Jian
Xom
Yredelemnul
Zin
The Shining One
Beogh
Jiyva

Shops:
D:4 (:[(   D:6 *   D:8 **[   Orc ([*=[   Elf:3 =   Vaults:1 (   Depths:4 *
Depths:5 %!([

Portals:
Hell: Depths:1 Depths:2 Depths:3 Depths:4 Depths:5
Abyss: Spider:1 Depths:1 Depths:2 Depths:4 Depths:5
Pandemonium: Depths:1 Depths:3
Ziggurat: Depths:1
Trove: Vaults:2 (give 8 potions of heal wounds)

Annotations:
D:2 exclusion: upstairs, Sigmund, Terence
D:3 exclusions: upstairs and 2 more exclusions, Grinder
D:6 exclusion: hippogriff
Lair:1 1 exclusion
Elf:2 3 runed doors
Vaults:2 exclusion: obsidian statue
Depths:5 4 runed doors


Innate Abilities, Weirdness & Mutations

You cannot wear most types of armour.
You are very stealthy in the water. (Stealth+)
You are amphibious.
You can wear up to eight rings at the same time.
You can use your tentacles to constrict eight enemies at once.
Your skin changes colour to match your surroundings (Stealth+).
Your rubbery body absorbs attacks. (AC +1, EV +1)
You tend to lose your temper in combat.
You are frail. (-10% HP)
You occasionally shout uncontrollably at your foes.
You are weak. (Str -2)


Message History

Bicreuluck hits you!! Bicreuluck freezes you.
Casting: Irradiate (safe; 1% risk of failure)
Confirm with . or Enter, or press ? or * to list all spells.
Aiming: Orb of Destruction (safe; 1% risk of failure)
Press: ? - help, Shift-Dir - straight line, f/p - Bicreuluck
Aim: Bicreuluck, armed with a freezing touch (flame, severely wounded, misshapen and mutated) Bicreuluck is engulfed in blazing flames.
Bicreuluck hits you! Bicreuluck freezes you.
Bicreuluck is engulfed in blazing flames.
You block Bicreuluck's attack.
Casting: Orb of Destruction (safe; 1% risk of failure)
Confirm with . or Enter, or press ? or * to list all spells.
You erupt in a fountain of uncontrolled magic!
Bicreuluck is blasted with magical radiation!!!
Bicreuluck is almost dead.
Bicreuluck twists and deforms.
Your orb of destruction is blasted with magical radiation!!!
Your orb of destruction hits a rock wall.
You block Bicreuluck's attack.
Casting: Irradiate (safe; 1% risk of failure)
Confirm with . or Enter, or press ? or * to list all spells.
You erupt in a fountain of uncontrolled magic!
Bicreuluck is blasted with magical radiation!!!
You kill Bicreuluck!
Vehumet accepts your kill.
You feel your power returning.
You are lightly contaminated with residual magic.
Your Evocations skill increases to level 7!
Really walk into that cloud of flame?
Okay, then.
There is a stone staircase leading up, spattered with blood here.
A warmonger and a corrupter come into view.
The gelid corrupter is wielding a +0 demon trident of freezing.
The monstrous warmonger shouts!
The monstrous warmonger calls upon its god to speed up the gelid corrupter.
The gelid corrupter seems to speed up.
You climb upwards.
Level annotation: exclusions: upstairs and 2 more exclusions, Grinder
There is a stone staircase leading down here.
(D) Dungeon (T) Temple (L) Lair (S) Swamp (N) Spider Nest (M) Slime Pits (O) Orcish Mines (E) Elven Halls (V) Vaults (C) Crypt (U) Depths (H) Hell (Z) Zot
Where to? (* - list waypoints, Enter - D:1 @ (x,y), ? - help)
You see here a +0 short sword.
You see here a +0 hand axe.
You see here a +0 whip.
There is a stone staircase leading up, spattered with blood here.
You climb upwards.
Level annotation: exclusion: upstairs, Sigmund, Terence
There is a stone staircase leading down here.
An Orb Guardian comes into view.
Casting: Irradiate (safe; 1% risk of failure)
Confirm with . or Enter, or press ? or * to list all spells.
Aiming: Bolt of Fire (safe; 1% risk of failure)
Press: ? - help, Shift-Dir - straight line, f - Orb Guardian
Aim: an Orb Guardian The bolt of fire misses the Orb Guardian.
Casting: Bolt of Fire (safe; 1% risk of failure)
Confirm with . or Enter, or press ? or * to list all spells.
Aiming: Bolt of Fire (safe; 1% risk of failure)
Press: ? - help, Shift-Dir - straight line, f/p - Orb Guardian
Aim: an Orb Guardian The bolt of fire hits the Orb Guardian!!!
The Orb Guardian is almost dead.
The Orb Guardian gazes at you. You resist with almost no effort.
Casting: Bolt of Fire (safe; 1% risk of failure)
Confirm with . or Enter, or press ? or * to list all spells.
Aiming: Bolt of Fire (safe; 1% risk of failure)
Press: ? - help, Shift-Dir - straight line, f/p - Orb Guardian
Aim: an Orb Guardian (almost dead)
The bolt of fire hits the Orb Guardian!!!
You kill the Orb Guardian!
Vehumet accepts your kill.
(D) Dungeon (T) Temple (L) Lair (S) Swamp (N) Spider Nest (M) Slime Pits (O) Orcish Mines (E) Elven Halls (V) Vaults (C) Crypt (U) Depths (H) Hell (Z) Zot
Where to? (* - list waypoints, Enter - D:1 @ (x,y), ? - help) HP restored.
There is a stone staircase leading up here.
You climb upwards.
There is a stone staircase leading down here.
Magic restored.
You see here a +0 club.
Your magical contamination has completely faded away.
There is a large open door here.
A hellion comes into view.
The hellion gives a hideous shriek!
Casting: Bolt of Fire (safe; 1% risk of failure)
Confirm with . or Enter, or press ? or * to list all spells.
Aiming: Bolt of Fire (safe; 1% risk of failure)
Press: ? - help, Shift-Dir - straight line, f - hellion
Aim: a hellion Vehumet accepts your kill.
You feel your power returning.
You feel a bit more experienced.
There is a staircase leading out of the dungeon here.
The power of the Orb breaks the dimensional shunt like a soap bubble!
You have escaped!

#########.....# #.#..
######....###.######.#..
#....'...>..............
#.####...####.######....
#...###### #.# #.#.)
###.#########.# #.#.#
#...........# ###.#
################ #.#
#P≈≈≈≈≈.@##############.#
#≈≈≈≈..###..............#
#P≈≈≈≈.P##.############.#
######≈≈≈≈≈≈.##.# #########.#
#....#≈≈≈≈≈.P##.# #.........#
#.####≈≈≈≈≈.###.####........##
#.# #≈P≈≈≈≈.##.#...........'.
#.# #PPP≈≈≈≈.#.#.##........##
#.# #≈P≈≈≈≈.≈#.#.############


There were no monsters in sight!

Vanquished Creatures
  the Royal Jelly (Slime:5)
  Dissolution (Slime:4)
  A juggernaut (Depths:4)
  4 orbs of fire (Zot:5)
  7 ancient liches (Zot:5)
  The ghost of cunnyseur the Earth Mage, a veteran DDHu of Elyvilon (Zot:5)
  Sojobo (Depths:1)
  Bai Suzhen (Spider:3)
  6 Killer Klowns
  2 golden dragons
  Arachne (Spider:2)
  A curse toe (Zot:5)
  A caustic shrike (Depths:1)
  Jory (Depths:3)
  Nikola (Depths:4)
  2 bone dragons (Depths:5)
  2 pandemonium lords
  3 electric golems
  10 tentacled monstrosities
  28 Orb Guardians
  An Ice Fiend (D:4)
  6 liches
  Asterion (Depths:1)
  4 titans
  2 deep elf master archers (Elf:3)
  2 deep elf blademasters (Elf:3)
  3 quicksilver dragons
  21 acid blobs
  7 death cobs
  4 sphinxes
  2 shadow dragons (Zot:1)
  2 balrugs (Depths:1)
  A thorn hunter (Swamp:1)
  6 storm dragons
  6 tengu reavers
  10 azure jellies
  A draconian knight (Zot:1)
  A ghost moth (shapeshifter) (Depths:2)
  Louise (Depths:5)
  6 deep elf sorcerers
  11 frost giants
  9 vault wardens
  An orc warlord (Orc)
  An iron dragon (Depths:2)
  3 ghost moths
  3 draconian stormcallers (Depths:5)
  Aizul (Depths:1)
  15 fire giants
  A draconian annihilator (Depths:5)
  3 emperor scorpions
  6 ironheart preservers
  3 deep elf elementalists (Elf:3)
  8 spriggan defenders
  24 very ugly things
  19 stone giants
  2 green draconians
  3 vampire knights
  2 black draconians
  9 deep elf demonologists
  2 white draconians
  7 deep elf annihilators
  5 spark wasps
  3 entropy weavers
  5 purple draconians
  Azrael (Elf:1)
  2 yellow draconians
  2 red draconians
  10 deep elf death magi
  8 ettins
  A merfolk javelineer (Depths:1)
  8 fire dragons
  5 rakshasas
  Urug (Lair:4)
  15 great orbs of eyes
  3 deep elf high priests (Elf:3)
  Harold (Lair:4)
  11 ice dragons
  18 hydras
  A ghost crab (Swamp:1)
  11 vault guards
  12 yaktaur captains
  5 spriggan air magi
  A catoblepas (Lair:4)
  5 centaur warriors
  9 alligators
  6 two-headed ogres
  13 dancing weapons
  A spectral draconian (Zot:5)
  2 ogre magi (Vaults:1)
  4 tengu warriors
  4 deep troll earth magi
  6 deep troll shamans
  10 death oozes
  5 orc high priests
  5 death yaks
  4 spriggan berserkers
  A soul eater (Depths:1)
  11 deep elf knights
  17 deep trolls
  3 iron trolls
  2 sixfirhies
  A spectral purple draconian (Zot:5)
  A spectral yellow draconian (Zot:5)
  A quicksilver dragon simulacrum (Zot:5)
  2 unseen horrors
  A death drake (Swamp:2)
  3 phantasmal warriors
  4 spriggan druids
  3 orange crystal statues
  An infernal demonspawn (Depths:3)
  13 swamp dragons
  6 flayed ghosts
  Pikel (D:4)
  A cyclops (shapeshifter) (Depths:2)
  6 glowing orange brains
  4 ironbrand convokers
  A wolf spider zombie (D:9)
  2 cyclopes
  5 wizards
  17 deep elf archers
  A harpy (shapeshifter) (Depths:2)
  A tengu zombie (Vaults:1)
  5 necromancers
  2 orc knights (Orc)
  53 deep elf magi
  8 orb spiders
  7 shining eyes
  3 harpies (Vaults:2)
  36 ugly things
  4 orc sorcerers
  A frost giant zombie (Depths:2)
  2 manticores
  14 wolf spiders
  13 moths of wrath
  A salamander (D:12)
  9 elephants (Lair:6)
  14 vault sentinels
  2 black mambas
  A titan simulacrum (Depths:2)
  6 will-o'-wisps (Swamp:3)
  Joseph (D:8)
  3 orange demons (Depths:3)
  A guardian serpent (shapeshifter) (Depths:2)
  10 cane toads
  2 torpor snails (Spider:2)
  A storm dragon simulacrum (Zot:5)
  A smoke demon (Depths:1)
  6 eyes of devastation
  2 hellions
  4 centaur skeletons
  A gargoyle (D:8)
  6 komodo dragons
  An efreet (Zot:1)
  7 demonic crawlers
  A tormentor (Depths:3)
  2 rime drakes
  34 yaktaurs
  3 freezing wraiths
  A ghost moth simulacrum (Zot:5)
  5 hellwings (Depths:1)
  4 tengu conjurers
  12 jumping spiders
  13 trolls
  23 hornets
  3 red devils (Depths:1)
  A wolf spider simulacrum (D:12)
  3 spectral moths of wrath (Zot:5)
  4 polar bears
  A bog body (Swamp:3)
  A tyrant leech (Swamp:3)
  A harpy skeleton (D:12)
  5 blink frogs
  131 slime creatures
  A dream sheep (shapeshifter) (Vaults:2)
  A dream sheep (Lair:6)
  6 hippogriffs
  A spriggan skeleton (Depths:2)
  2 centaur simulacra (D:12)
  48 redbacks
  2 wyverns (shapeshifter)
  A tarantella (shapeshifter) (Vaults:1)
  2 air elementals
  5 wyverns
  33 yaks
  7 water elementals
  26 tarantellas
  An elf zombie (Vaults:1)
  A fire bat (shapeshifter) (D:11)
  22 spriggans
  Eustachio (D:5)
  A golden eye (Slime:5)
  4 basilisks
  11 fire elementals
  2 wraiths (D:12)
  2 yaktaur simulacra (Vaults:1)
  16 vampire mosquitoes
  A human (shapeshifter) (Elf:2)
  Grum (D:8)
  2 hungry ghosts
  7 swamp worms
  Menkaure (D:6)
  A black draconian simulacrum (Zot:5)
  2 chaos spawn (D:12)
  A swamp worm (shapeshifter) (D:12)
  6 wargs
  12 crocodiles
  Edmund (D:6)
  An acid dragon (shapeshifter) (D:12)
  10 water moccasins
  5 hell hounds
  10 porcupines
  Duvessa (D:4)
  5 moth of wrath simulacra (Zot:5)
  A floating eye (Depths:4)
  27 orc warriors
  5 ice beasts
  3 black bears
  2 phantoms
  2 sky beasts
  3 slaves (D:4)
  10 swamp drakes
  A human zombie (Vaults:1)
  2 eyes of draining (shapeshifter)
  A necrophage (D:11)
  A hornet zombie (D:12)
  3 eyes of draining
  24 wolves
  4 boggarts (Lair:6)
  17 ogres
  8 centaurs
  12 bullfrogs
  3 big kobolds
  4 earth elementals
  A yaktaur skeleton (Vaults:1)
  Dowan (D:4)
  A human skeleton (Vaults:1)
  A water moccasin zombie (D:9)
  A scorpion (D:7)
  A scorpion (shapeshifter) (Depths:4)
  3 killer bees (D:11)
  5 howler monkeys
  3 wights (D:12)
  17 jellies
  13 crimson imps
  3 hounds
  A human simulacrum (Vaults:1)
  A quasit (D:7)
  24 orc priests
  A bullfrog skeleton (D:4)
  A gnoll shaman (D:10)
  29 orc wizards
  Jessica (D:3)
  An iguana (D:4)
  7 worker ants
  2 hound skeletons
  2 hound zombies
  Robin (D:3)
  17 gnolls
  14 adders
  A howler monkey skeleton (D:4)
  6 shadow imps
  4 oozes
  2 adder zombies
  3 worms (D:4)
  11 leopard geckos
  88 orcs
  5 ball pythons
  2 bats
  14 hobgoblins
  6 jackals
  15 kobolds
  3 quokkas
  3 frilled lizards
  15 goblins
  10 rats
  A fire vortex (Zot:5)
  2 fungi
  2 lurking horrors (Spider:1)
  2 plants
1825 creatures vanquished.

Vanquished Creatures (collateral kills)
  the Lernaean hydra (Swamp:3)
  An Orb Guardian (Zot:5)
  A death cob (Zot:4)
  A fire giant (Zot:1)
  A vault warden (Vaults:1)
  A vampire knight (Depths:2)
  A purple draconian (Zot:5)
  A vault guard (D:11)
  A hydra (Swamp:3)
  An alligator (Swamp:1)
  An orc high priest (Orc)
  2 orc knights (Orc)
  2 deep elf magi
  An ugly thing (Depths:4)
  A fire giant zombie (Depths:2)
  A cane toad (Swamp:2)
  A komodo dragon (D:10)
  2 orc warriors (Orc)
  A swamp drake (Swamp:3)
  A killer bee (D:11)
  An orc priest (Orc)
  A gnoll (D:10)
  A shadow imp (D:12)
  5 orcs
  3 kobolds (D:11)
34 creatures vanquished.

Vanquished Creatures (others)
  A vault warden (Vaults:1)
  2 stone giants
  A deep elf knight (Elf:1)
  A deep elf mage (Elf:1)
  A moth of wrath (Zot:5)
  An ogre (Vaults:1)
  A human (D:4)
  161 fire vortices
  36 fungi
  32 plants
  3 toadstools (Swamp:1)
240 creatures vanquished.

Grand Total: 2099 creatures vanquished

Notes
Turn   | Place    | Note
-------+----------+-------------------------------------------
     0 | D:1      | Artagas the Octopode Fire Elementalist began the quest for
                  | the Orb.
     0 | D:1      | Reached XP level 1. HP: 11/11 MP: 3/3
   257 | D:1      | Reached skill level 1 in Fighting
   257 | D:1      | Reached XP level 2. HP: 18/18 MP: 0/5
   801 | D:1      | Learned a level 2 spell: Flaming Arrows
   832 | D:1      | Reached XP level 3. HP: 23/23 MP: 3/6
  1329 | D:1      | Learned a level 3 spell: Conjure Flame
  1676 | D:2      | Reached skill level 2 in Fighting
  1779 | D:2      | Noticed Terence
  2417 | D:2      | Reached skill level 4 in Fire Magic
  2417 | D:2      | Reached XP level 4. HP: 28/29 MP: 2/7
  2908 | D:2      | Found an ornate altar of the Wu Jian Council.
  2911 | D:2      | Noticed Sigmund
  2999 | D:3      | Found a bloodstained altar of Trog.
  3032 | D:3      | Reached skill level 3 in Fighting
  3064 | D:3      | Noticed Robin
  3095 | D:3      | Killed Robin
  3097 | D:3      | HP: 2/31 [hobgoblin/+0 club[Robin] (5)]
  3330 | D:3      | Reached XP level 5. HP: 36/36 MP: 4/8
  3473 | D:3      | Reached skill level 2 in Conjurations
  3599 | D:3      | Reached skill level 3 in Spellcasting
  3669 | D:3      | Learned a level 4 spell: Sticky Flame
  3686 | D:3      | Noticed Grinder
  3914 | D:3      | Noticed Jessica
  3918 | D:3      | Killed Jessica
  3919 | D:3      | Reached XP level 6. HP: 42/42 MP: 6/11
  4114 | D:4      | Found Uselet's Distillery.
  4114 | D:4      | Found Jetaapn's Book Shop.
  4114 | D:4      | Found Ufoeniruemm's Antique Weapon Shoppe.
  4127 | D:4      | Noticed a sky beast
  4160 | D:3      | HP: 4/42 [bullfrog (4)]
  4205 | D:3      | Reached skill level 4 in Spellcasting
  4205 | D:3      | Reached skill level 3 in Conjurations
  4458 | D:4      | Noticed a slave
  4458 | D:4      | Noticed a slave
  4475 | D:4      | Bought a potion of heal wounds for 65 gold pieces
  4475 | D:4      | Bought a potion of heal wounds for 65 gold pieces
  4475 | D:4      | Bought a potion of heal wounds for 65 gold pieces
  4509 | D:3      | Reached XP level 7. HP: 24/46 MP: 2/13
  4590 | D:4      | Found Uvves's Armour Boutique.
  4614 | D:4      | Reached skill level 5 in Fire Magic
  4982 | D:4      | Reached skill level 3 in Dodging
  5109 | D:4      | Reached skill level 4 in Fighting
  5329 | D:4      | Reached skill level 4 in Dodging
  5450 | D:4      | Reached XP level 8. HP: 35/54 MP: 11/14
  5451 | D:4      | Reached skill level 4 in Conjurations
  5568 | D:4      | Found a staircase to the Ecumenical Temple.
  5575 | Temple   | Entered the Ecumenical Temple
  5686 | Temple   | Became a worshipper of Vehumet
  5838 | D:4      | Found a shadowy altar of Dithmenos.
  5911 | D:4      | Noticed Duvessa
  5911 | D:4      | Noticed Dowan
  5911 | D:4      | Noticed Pikel
  6205 | D:4      | Bought a potion of curing for 32 gold pieces
  6261 | D:4      | Killed Pikel
  6262 | D:4      | Reached skill level 5 in Conjurations
  6262 | D:4      | Reached skill level 5 in Fighting
  6297 | D:4      | Reached skill level 5 in Spellcasting
  6303 | D:4      | Learned a level 5 spell: Fireball
  6546 | D:4      | Killed Duvessa
  6547 | D:4      | Killed Dowan
  6654 | D:4      | Found an ancient bone altar of Kikubaaqudgha.
  6684 | D:4      | Found Zuocau's Weapon Shoppe.
  6706 | D:4      | Found a corrupted altar of Lugonu.
  6957 | D:5      | Entered Level 5 of the Dungeon
  7034 | D:5      | Found a shadowy altar of Dithmenos.
  7091 | D:5      | Noticed Eustachio
  7123 | D:5      | Killed Eustachio
  7124 | D:5      | Reached XP level 9. HP: 61/61 MP: 4/16
  7210 | D:5      | Reached skill level 6 in Conjurations
  7210 | D:5      | Reached skill level 6 in Fire Magic
  7973 | D:6      | Noticed Edmund
  8064 | D:6      | Killed Edmund
  8408 | D:6      | Found a basalt altar of Yredelemnul.
  8408 | D:6      | Found a shattered altar of Ashenzari.
  8408 | D:6      | Found a shimmering altar of Xom.
  8412 | D:6      | Found a burning altar of Makhleb.
  8452 | D:6      | Found Ebrajoub's Assorted Antiques.
  8459 | D:6      | Bought a sapphire potion for 24 gold pieces
  8459 | D:6      | Bought a scroll labeled XOX OHEHOC for 27 gold pieces
  8459 | D:6      | Bought 2 scrolls labeled RADOIBL TEAL for 54 gold pieces
  8465 | D:6      | Noticed Menkaure
  8484 | D:6      | Killed Menkaure
  8484 | D:6      | Reached * piety under Vehumet
  8484 | D:6      | Offered knowledge of Sting by Vehumet.
  8485 | D:6      | Reached skill level 5 in Dodging
  9257 | D:7      | Found a radiant altar of Vehumet.
  9276 | D:7      | Reached skill level 7 in Conjurations
  9276 | D:7      | Reached skill level 7 in Fire Magic
  9484 | D:7      | Reached skill level 6 in Fighting
  9626 | D:7      | Reached skill level 6 in Dodging
  9626 | D:7      | Reached skill level 1 in Evocations
  9736 | D:7      | Reached skill level 2 in Evocations
  9736 | D:7      | Reached XP level 10. HP: 65/68 MP: 1/17
  9810 | D:7      | Reached skill level 3 in Evocations
  9938 | D:7      | Offered knowledge of Magic Dart by Vehumet.
 10018 | D:7      | Reached ** piety under Vehumet
 10019 | D:7      | Reached skill level 4 in Evocations
 10075 | D:7      | Reached skill level 5 in Evocations
 10180 | D:7      | Found a staircase to the Lair.
 10701 | D:8      | Learned a level 3 spell: Inner Flame
 10723 | D:8      | Found Ucvute's Assorted Antiques.
 10728 | D:8      | Bought a scroll labeled RALAAKHLEQI for 29 gold pieces
 10728 | D:8      | Bought a scroll labeled ZEIMOT TORUE for 29 gold pieces
 10728 | D:8      | Bought a scroll of identify for 58 gold pieces
 10731 | D:8      | Found Uclag's General Store.
 10784 | D:8      | Found a blossoming altar of Fedhas.
 10789 | D:8      | Reached skill level 6 in Spellcasting
 10873 | D:8      | Noticed a +0 dagger
 10903 | D:8      | Noticed a gargoyle
 10938 | D:8      | Noticed a +0 hand axe
 10942 | D:8      | Found a hide-covered altar of Uskayaw.
 10957 | D:8      | Identified the Tome of Ignition and Venom
 10968 | D:8      | Killed a gargoyle
 11058 | D:8      | Reached skill level 7 in Fighting
 11200 | D:8      | Reached skill level 8 in Conjurations
 11258 | D:8      | Noticed Grum
 11266 | D:8      | Killed Grum
 11437 | D:8      | Noticed Joseph
 11453 | D:8      | HP: 7/71 [Joseph/sling bullet (6)]
 11565 | D:8      | Found Rolefy's Antique Armour Shop.
 11610 | Lair:1   | Entered Level 1 of the Lair of Beasts
 11909 | Lair:1   | Found the +9 staff of Wucad Mu {channel}
 11913 | Lair:1   | Noticed a four-headed hydra
 12265 | Lair:1   | Killed a four-headed hydra
 12266 | Lair:1   | Reached skill level 7 in Dodging
 12266 | Lair:1   | Reached XP level 11. HP: 49/77 MP: 15/21
 12409 | Lair:1   | Reached skill level 8 in Fighting
 12409 | Lair:1   | Reached skill level 7 in Spellcasting
 12579 | Lair:1   | Learned a level 5 spell: Irradiate
 12955 | Lair:2   | Noticed an eight-headed hydra
 13047 | Lair:2   | Killed an eight-headed hydra
 13048 | Lair:2   | Reached skill level 8 in Spellcasting
 13048 | Lair:2   | Reached skill level 2 in Transmutations
 13150 | Lair:1   | Reached skill level 3 in Transmutations
 13234 | Lair:2   | Offered knowledge of Throw Frost by Vehumet.
 13311 | Lair:2   | Noticed a seven-headed hydra
 13374 | Lair:2   | Reached skill level 4 in Transmutations
 13578 | Lair:2   | Reached skill level 5 in Transmutations
 14126 | Lair:2   | Killed a seven-headed hydra
 14223 | Lair:2   | Reached skill level 9 in Spellcasting
 14373 | Lair:2   | Reached XP level 12. HP: 50/82 MP: 10/25
 14673 | Lair:3   | Reached skill level 9 in Conjurations
 14807 | Lair:3   | Reached *** piety under Vehumet
 15105 | Lair:3   | Found a hole to the Spider Nest.
 15122 | Lair:3   | Reached skill level 8 in Dodging
 15503 | Lair:3   | Offered knowledge of Stone Arrow by Vehumet.
 15646 | Lair:3   | Found a staircase to the Swamp.
 15882 | Lair:3   | Found a hazy altar of Hepliaklqana.
 15888 | Lair:3   | Reached skill level 9 in Fighting
 15888 | Lair:3   | Reached skill level 9 in Dodging
 16376 | Lair:4   | Noticed a catoblepas
 16391 | Lair:4   | Noticed Harold
 16585 | Lair:4   | Learned a level 2 spell: Blink
 16589 | Lair:4   | Learned a level 1 spell: Summon Butterflies
 17121 | Lair:4   | Killed a catoblepas
 17122 | Lair:4   | Reached skill level 1 in Summonings
 17122 | Lair:4   | Reached skill level 1 in Translocations
 17278 | Lair:4   | Noticed Urug
 17316 | Lair:4   | Killed Urug
 17317 | Lair:4   | Reached skill level 2 in Summonings
 17317 | Lair:4   | Reached skill level 2 in Translocations
 17586 | Lair:3   | Learned a level 3 spell: Iskenderun's Mystic Blast
 17787 | Lair:4   | Killed Harold
 17788 | Lair:4   | Reached skill level 3 in Translocations
 18105 | Lair:5   | Noticed a death yak
 18105 | Lair:5   | Noticed a death yak
 18105 | Lair:5   | Noticed a death yak
 18106 | Lair:5   | Noticed a death yak
 18106 | Lair:5   | Noticed a death yak
 18130 | Lair:4   | Killed a death yak
 18161 | Lair:4   | Killed a death yak
 18162 | Lair:4   | Reached skill level 4 in Translocations
 18265 | Lair:4   | Reached skill level 10 in Conjurations
 18495 | Lair:5   | Reached XP level 13. HP: 85/90 MP: 17/26
 18612 | Lair:5   | Reached **** piety under Vehumet
 18635 | Lair:5   | Offered knowledge of Lee's Rapid Deconstruction by Vehumet.
 18960 | Lair:5   | Found an opulent altar of Gozag.
 19222 | Lair:4   | Reached skill level 10 in Dodging
 19222 | Lair:4   | Reached skill level 11 in Conjurations
 19500 | Lair:5   | Found a viscous altar of Jiyva.
 19500 | Lair:5   | Found a staircase to the Slime Pits.
 19927 | Lair:6   | Entered Level 6 of the Lair of Beasts
 19952 | Lair:6   | Found an opulent altar of Gozag.
 20406 | Lair:6   | Reached skill level 10 in Spellcasting
 20738 | Lair:6   | Identified the +4 ring mail "Wus Qyme" {*Contam rC+ Str+4
                  | Slay+5}
 20781 | Lair:6   | Reached skill level 11 in Spellcasting
 21303 | Lair:6   | Reached skill level 8 in Fire Magic
 21720 | Lair:6   | Reached ***** piety under Vehumet
 21720 | Lair:6   | Offered knowledge of Bolt of Cold by Vehumet.
 21801 | Lair:6   | Reached skill level 9 in Fire Magic
 21801 | Lair:6   | Upgraded the game from bcrawl-1.30 to bcrawl-1.30.1
 21807 | Lair:6   | Learned a level 5 spell: Bolt of Draining
 21811 | Lair:6   | Learned a level 2 spell: Call Imp
 21867 | Lair:6   | Reached XP level 14. HP: 97/97 MP: 20/29
 22264 | Lair:6   | Reached skill level 1 in Necromancy
 22659 | D:8      | Killed Joseph
 22913 | D:8      | Bought 2 scrolls labeled RUDDAO ME DOC for 58 gold pieces
 23020 | D:6      | Bought a potion of heal wounds for 135 gold pieces
 23020 | D:6      | Bought a potion of heal wounds for 135 gold pieces
 23101 | D:4      | Bought a potion of resistance for 130 gold pieces
 23101 | D:4      | Bought a potion of curing for 32 gold pieces
 23101 | D:4      | Bought a potion of magic for 65 gold pieces
 23101 | D:4      | Bought a potion of invisibility for 104 gold pieces
 23522 | D:9      | Found an opulent altar of Gozag.
 23642 | D:9      | Reached skill level 2 in Necromancy
 23753 | D:9      | Found an ancient bone altar of Kikubaaqudgha.
 24245 | D:10     | Entered Level 10 of the Dungeon
 24245 | D:10     | Found a staircase to the Orcish Mines.
 24253 | D:10     | Reached skill level 3 in Summonings
 24701 | D:10     | Reached skill level 3 in Necromancy
 25057 | D:10     | Found a stormy altar of Qazlal.
 25066 | D:10     | Reached skill level 4 in Summonings
 25319 | D:10     | Identified Hanepita's Handbook of Sinister Changing
 25993 | D:11     | Reached skill level 4 in Necromancy
 26308 | D:11     | Offered knowledge of Orb of Destruction by Vehumet.
 26309 | D:11     | Reached skill level 5 in Summonings
 26328 | D:11     | Learned a level 7 spell: Orb of Destruction
 26585 | D:11     | Reached skill level 5 in Necromancy
 26907 | D:11     | Reached skill level 12 in Spellcasting
 27106 | D:11     | Found a gate to the Vaults.
 27202 | D:11     | Reached skill level 6 in Necromancy
 27327 | D:12     | Entered Level 12 of the Dungeon
 27369 | D:12     | Got a shimmering dagger
 27839 | D:12     | Identified the +7 dagger "Killer Bee's Doom" {flame, rPois
                  | MR+ Str+3 Int+7} (You found it on level 12 of the Dungeon)
 27894 | D:12     | Found a staircase to the Depths.
 27905 | D:12     | Noticed an emperor scorpion
 28077 | D:12     | Killed an emperor scorpion
 28461 | D:12     | Reached skill level 13 in Spellcasting
 28461 | D:12     | Reached XP level 15. HP: 101/101 MP: 7/32
 28803 | D:12     | Found the +7 mace of Variability {chain chaos}
 28804 | D:12     | Found a shimmering altar of Xom.
 29502 | Orc      | Entered the Orcish Mines
 29505 | Orc      | Offered knowledge of Iron Shot by Vehumet.
 29851 | Orc      | Found a staircase to the Elven Halls.
 30290 | Orc      | Paralysed by an orc sorcerer for 4 turns
 30971 | Orc      | Noticed an orc warlord
 31062 | Orc      | Killed an orc warlord
 31063 | Orc      | Reached skill level 14 in Spellcasting
 31535 | Orc      | Found Mieniuph's General Store.
 31536 | Orc      | Found Haqan's Jewellery Boutique.
 31538 | Orc      | Found Bonud's Antique Armour Shop.
 31538 | Orc      | Found Ajeve's Antique Weapon Shop.
 31553 | Orc      | Bought a scroll of blinking for 112 gold pieces
 31753 | Orc      | Found Asahatom's Antique Armour Shop.
 32312 | Swamp:1  | Entered Level 1 of the Swamp
 32672 | Orc      | Bought a +5 ring of protection for 699 gold pieces
 33441 | Swamp:1  | Noticed a thorn hunter
 33450 | Swamp:1  | Killed a thorn hunter
 33983 | Swamp:2  | Reached skill level 15 in Spellcasting
 34432 | Swamp:2  | Offered knowledge of Ozocubu's Refrigeration by Vehumet.
 35074 | Swamp:3  | Entered Level 3 of the Swamp
 35879 | Swamp:3  | Reached skill level 10 in Fighting
 35880 | Swamp:3  | Reached XP level 16. HP: 90/109 MP: 19/35
 35884 | Swamp:3  | Reached skill level 11 in Dodging
 36035 | Swamp:3  | Noticed the 27-headed Lernaean hydra
 36356 | Swamp:3  | Killed the 27-headed Lernaean hydra
 36357 | Swamp:3  | Reached skill level 11 in Fighting
 36693 | Swamp:3  | Reached skill level 6 in Evocations
 36924 | Swamp:3  | Got a scorched war axe
 36964 | Swamp:3  | Identified the Tome of Contamination
 37165 | Swamp:3  | Reached skill level 12 in Conjurations
 37440 | Swamp:3  | Identified the cursed +2 war axe of the Witching Big Fish
                  | {drain, Int+3 Stlth+} (You found it on level 3 of the
                  | Swamp)
 37440 | Swamp:3  | Got a decaying rune of Zot
 37826 | Spider:1 | Entered Level 1 of the Spider Nest
 38122 | Spider:1 | Found a corrupted altar of Lugonu.
 38123 | Spider:1 | Found a one-way gate to the infinite horrors of the Abyss.
 38461 | Spider:1 | Offered knowledge of Mana Rupture by Vehumet.
 38574 | Spider:1 | Found a roughly hewn altar of Beogh.
 38698 | Spider:2 | Reached skill level 12 in Fighting
 38843 | Spider:2 | Reached skill level 1 in Hexes
 39056 | Spider:2 | Reached skill level 2 in Hexes
 39142 | Spider:2 | Learned a level 7 spell: Mana Rupture
 39389 | Spider:2 | Reached ****** piety under Vehumet
 39409 | Spider:2 | Reached skill level 3 in Hexes
 40048 | Spider:2 | Noticed Arachne
 40049 | Spider:2 | Reached skill level 4 in Hexes
 40059 | Spider:2 | Killed Arachne
 40342 | Spider:3 | Entered Level 3 of the Spider Nest
 40344 | Spider:3 | Reached XP level 17. HP: 119/119 MP: 36/36
 40348 | Spider:3 | Reached skill level 5 in Hexes
 40627 | Spider:3 | Noticed Bai Suzhen
 40804 | Spider:3 | Reached skill level 13 in Conjurations
 40990 | Spider:3 | Killed Bai Suzhen
 40991 | Spider:3 | Reached skill level 6 in Hexes
 41053 | Spider:3 | Identified the +6 whip "Futol" {venom, rF+ rC+}
 41362 | Spider:3 | Offered knowledge of Bolt of Fire by Vehumet.
 41520 | Spider:2 | Learned a level 6 spell: Bolt of Fire
 42513 | Spider:3 | Got a gossamer rune of Zot
 42922 | Orc      | Bought an uncursed ring of protection from fire for 325
                  | gold pieces
 42922 | Orc      | Bought an uncursed ring of insulation for 325 gold pieces
 42958 | Elf:1    | Entered Level 1 of the Elven Halls
 43111 | Elf:1    | Reached skill level 10 in Fire Magic
 43756 | Elf:1    | Reached skill level 16 in Spellcasting
 44120 | Elf:1    | Reached skill level 11 in Fire Magic
 44174 | Elf:1    | Offered knowledge of Icicle Burst by Vehumet.
 44430 | Elf:1    | Noticed Azrael
 44439 | Elf:1    | Killed Azrael
 45054 | Elf:2    | Reached skill level 12 in Fire Magic
 45054 | Elf:2    | Reached XP level 18. HP: 122/126 MP: 3/38
 45535 | Elf:2    | Identified Utsyrang's Reference Book on Combat Magic and
                  | Creation
 45587 | Elf:2    | Identified the cursed +1 chain mail of the Stallion {rF+
                  | Dex+3}
 45761 | Elf:2    | Reached skill level 13 in Fire Magic
 45805 | Elf:2    | Found a runed gate.
 45805 | Elf:2    | Found a runed gate.
 45805 | Elf:2    | Found a runed gate.
 46151 | Vaults:1 | Entered Level 1 of the Vaults
 46463 | Vaults:1 | Offered knowledge of Lehudib's Crystal Spear by Vehumet.
 46463 | Vaults:1 | Offered knowledge of Fire Storm by Vehumet.
 46463 | Vaults:1 | Offered knowledge of Glaciate by Vehumet.
 46465 | Vaults:1 | Reached skill level 14 in Fire Magic
 47133 | Vaults:1 | Found Saysaera's Antique Weapon Shoppe.
 47423 | Vaults:1 | Reached skill level 17 in Spellcasting
 47527 | Vaults:1 | Learned a level 8 spell: Ignition
 48104 | Vaults:1 | Reached XP level 19. HP: 131/131 MP: 7/40
 48383 | Vaults:1 | Reached skill level 15 in Fire Magic
 49020 | Vaults:1 | Noticed a lich
 49173 | Vaults:1 | Found a staircase to the Crypt.
 49426 | Vaults:1 | Reached skill level 16 in Fire Magic
 49703 | Vaults:1 | Killed a lich
 50195 | Vaults:2 | Found a portal to a secret trove of treasure.
 50820 | Vaults:2 | Reached skill level 12 in Dodging
 50830 | Vaults:2 | Reached skill level 13 in Fighting
 51812 | Vaults:2 | Reached XP level 20. HP: 140/140 MP: 33/41
 52291 | Elf:3    | Entered Level 3 of the Elven Halls
 52461 | Elf:3    | Found Ceddov's Jewellery Shop.
 53458 | Elf:3    | Reached skill level 14 in Conjurations
 54096 | Depths:1 | Entered Level 1 of the Depths
 54135 | Depths:1 | Reached skill level 17 in Fire Magic
 54440 | Depths:1 | Found a glowing golden altar of the Shining One.
 55381 | Depths:1 | Reached skill level 1 in Shields
 55419 | Depths:1 | Reached skill level 2 in Shields
 55495 | Depths:1 | Found a gateway to a ziggurat.
 55546 | Depths:1 | Noticed Aizul
 55554 | Depths:1 | Killed Aizul
 55668 | Depths:1 | Reached skill level 3 in Shields
 55715 | Depths:1 | Noticed Sojobo
 55721 | Depths:1 | Reached skill level 4 in Shields
 55726 | Depths:1 | Killed Sojobo
 55727 | Depths:1 | Reached skill level 5 in Shields
 55905 | Depths:1 | Reached skill level 6 in Shields
 56190 | Depths:1 | Reached skill level 7 in Shields
 56439 | Depths:1 | Noticed a caustic shrike
 56443 | Depths:1 | Killed a caustic shrike
 56514 | Depths:1 | Noticed Asterion
 56520 | Depths:1 | Killed Asterion
 56706 | Depths:1 | Reached XP level 21. HP: 145/145 MP: 10/42
 57301 | Depths:1 | Found a gateway to Hell.
 57307 | Depths:1 | Found a one-way gate leading to the halls of Pandemonium.
 57717 | Slime:1  | Entered Level 1 of the Pits of Slime
 58171 | Slime:3  | Reached skill level 15 in Conjurations
 58529 | Slime:4  | Noticed Dissolution
 58533 | Slime:4  | Killed Dissolution
 58534 | Slime:4  | Reached skill level 18 in Fire Magic
 58797 | Elf:3    | Bought the ring of the Mage {Wiz MR++ Int+3} for 759 gold
                  | pieces
 58797 | Elf:3    | Found the ring of the Mage {Wiz MR++ Int+3}
 59172 | Slime:4  | Reached skill level 18 in Spellcasting
 59405 | Slime:5  | Entered Level 5 of the Pits of Slime
 59699 | Slime:5  | Found a viscous altar of Jiyva.
 59703 | Slime:5  | Noticed the Royal Jelly
 59903 | Slime:5  | Reached skill level 16 in Conjurations
 60045 | Slime:5  | Killed the Royal Jelly
 60046 | Slime:5  | Reached XP level 22. HP: 152/152 MP: 25/44
 60171 | Slime:5  | Got a slimy rune of Zot
 60209 | Slime:5  | Identified the Volume of Enhancements
 60216 | Slime:5  | Identified a scroll of acquirement
 60219 | Slime:5  | Identified the +9 war axe of Wyrd {elec, rPois rF- Int+9
                  | Stlth-}
 60220 | Slime:5  | Identified the ring "Kenidaf" {rElec rC- rN+ Slay+4 SInv}
 60233 | Slime:5  | Identified the Compendium of Unholy Calling
 60247 | Slime:5  | Identified the +1 morningstar of Eternal War {pain, rPois
                  | Dex+4}
 60289 | Slime:5  | Identified the -1 hat of Responsibility {Int+4 Dex+5} (You
                  | acquired it on level 5 of the Pits of Slime)
 60289 | Slime:5  | Identified the ring of Botzun {Fire Dex+6} (You acquired it
                  | on level 5 of the Pits of Slime)
 60383 | Lair:5   | Learned a level 9 spell: Fire Storm
 61961 | Depths:2 | Noticed a Killer Klown
 61969 | Depths:2 | Killed a Killer Klown
 61970 | Depths:2 | Reached skill level 19 in Spellcasting
 62143 | Depths:2 | Reached skill level 17 in Conjurations
 62151 | Depths:2 | Learned a level 6 spell: Invisibility
 62426 | Depths:2 | Identified Sif Muna's Reference Book on Earth and Lightness
 63288 | Depths:3 | Reached skill level 7 in Hexes
 63341 | Depths:3 | Noticed Jory
 63348 | Depths:3 | Killed Jory
 64398 | Depths:3 | Reached skill level 8 in Hexes
 64398 | Depths:3 | Reached XP level 23. HP: 157/157 MP: 35/46
 64922 | Depths:4 | Noticed a juggernaut
 64934 | Depths:4 | Killed a juggernaut
 65870 | Depths:4 | Reached skill level 9 in Hexes
 65925 | Depths:4 | Identified the +5 fustibalus of Irreim {venom, rC+ rN+
                  | Int+4 Dex+4}
 65930 | Depths:4 | Reached skill level 18 in Conjurations
 66123 | Depths:4 | Noticed Nikola
 66126 | Depths:4 | Killed Nikola
 66127 | Depths:4 | Reached skill level 19 in Fire Magic
 66183 | Depths:4 | Noticed a Killer Klown
 66285 | Depths:4 | Killed a Killer Klown
 66920 | Depths:4 | Reached skill level 13 in Dodging
 66933 | Depths:4 | Reached skill level 14 in Fighting
 67082 | Depths:4 | Found Hylaot's General Store.
 67112 | Depths:4 | Bought a scroll of teleportation for 30 gold pieces
 67479 | Depths:5 | Entered Level 5 of the Depths
 67488 | Depths:5 | Found Kipluebb's Weapon Shoppe.
 67491 | Depths:5 | Found Weblurriere's Armour Shoppe.
 67491 | Depths:5 | Found Loatsian's Food Emporium.
 67497 | Depths:5 | Found Biobuasa's Distillery.
 67534 | Depths:5 | Bought a potion of curing for 35 gold pieces
 67534 | Depths:5 | Bought a potion of heal wounds for 70 gold pieces
 67534 | Depths:5 | Bought a potion of curing for 35 gold pieces
 67534 | Depths:5 | Bought a potion of heal wounds for 70 gold pieces
 67534 | Depths:5 | Bought a potion of brilliance for 56 gold pieces
 67534 | Depths:5 | Bought a potion of agility for 56 gold pieces
 67534 | Depths:5 | Bought 2 potions of mutation for 224 gold pieces
 67860 | Depths:5 | Found a gate to the Realm of Zot.
 67949 | Depths:5 | Reached skill level 15 in Fighting
 68002 | Depths:5 | Found a runed door.
 68028 | Depths:5 | Reached XP level 24. HP: 169/169 MP: 20/46
 68035 | Depths:5 | Found a runed door.
 68093 | Depths:5 | Noticed Louise
 68173 | Depths:5 | Killed Louise
 68704 | Depths:5 | Found a shattered altar of Ashenzari.
 68930 | Depths:5 | Found a runed door.
 68971 | Depths:5 | Found a runed door.
 69267 | Zot:1    | Entered Level 1 of the Realm of Zot
 69355 | Zot:1    | Reached skill level 20 in Fire Magic
 69790 | Zot:1    | Noticed a golden dragon
 69794 | Zot:1    | Killed a golden dragon
 69933 | Zot:1    | Identified the amulet "Onib" {Inacc MP+9 Str-5 Stlth+}
 70253 | Zot:1    | Reached skill level 8 in Shields
 70794 | Orc      | Bought the cursed amulet of the Cockroach {Acrobat +Blink
                  | Str+2} for 613 gold pieces
 71213 | Elf:3    | Identified the amulet "Miwiul" {Faith +Blink rElec}
 71320 | Elf:3    | Identified the +6 mace of the Curious Ghosts {pain, Int+2}
 71321 | Elf:3    | Reached skill level 9 in Shields
 71322 | Elf:3    | Identified the +9 great mace "Hagukkep" {pain, *Rage rElec
                  | MR+} (You took it off a deep elf high priest on level 3 of
                  | the Elven Halls)
 71372 | Elf:3    | Identified the cursed +2 quarterstaff "Huefyagg" {crush,
                  | Str+4}
 71379 | Elf:3    | Identified the +4 morningstar "Pagud" {chaos, Fragile rElec
                  | Int+3}
 71390 | Elf:3    | Reached skill level 14 in Dodging
 71642 | Elf:3    | Found the +7 sceptre of Torment {pain, torment}
 71660 | Elf:3    | Identified Wutagil's Collected Works on Transmutation and
                  | Heat
 71668 | Elf:3    | Identified the Guide on Dusty Ignition
 72408 | D:4      | Bought a potion of agility for 52 gold pieces
 72408 | D:4      | Bought a potion of cancellation for 65 gold pieces
 72408 | D:4      | Bought a potion of lignification for 39 gold pieces
 72408 | D:4      | Bought a potion of mutation for 104 gold pieces
 72408 | D:4      | Bought a potion of agility for 52 gold pieces
 72408 | D:4      | Bought a potion of mutation for 104 gold pieces
 72408 | D:4      | Bought a potion of flight for 52 gold pieces
 72578 | Elf:3    | Bought an uncursed ring of magical power for 391 gold
                  | pieces
 72974 | Zot:1    | Learned a level 6 spell: Deflect Missiles
 73041 | Zot:1    | Reached skill level 1 in Charms
 73041 | Zot:1    | Reached skill level 1 in Air Magic
 73055 | Zot:1    | Reached skill level 2 in Charms
 73055 | Zot:1    | Reached skill level 2 in Air Magic
 73282 | Zot:1    | Reached XP level 25. HP: 177/177 MP: 15/46
 73288 | Zot:1    | Reached skill level 3 in Charms
 73288 | Zot:1    | Reached skill level 3 in Air Magic
 73451 | Zot:1    | Reached skill level 4 in Charms
 73451 | Zot:1    | Reached skill level 4 in Air Magic
 73751 | Zot:1    | Reached skill level 5 in Charms
 73751 | Zot:1    | Reached skill level 5 in Air Magic
 74447 | Zot:2    | Noticed a Killer Klown
 74454 | Zot:2    | Killed a Killer Klown
 74688 | Zot:4    | Reached skill level 6 in Charms
 74688 | Zot:4    | Reached skill level 6 in Air Magic
 74969 | Zot:5    | Entered Level 5 of the Realm of Zot
 74985 | Zot:5    | Reached skill level 7 in Charms
 74985 | Zot:5    | Reached skill level 7 in Air Magic
 75209 | Zot:5    | Reached skill level 16 in Fighting
 75257 | Zot:5    | Noticed a golden dragon
 75449 | Zot:5    | Killed a golden dragon
 75646 | Zot:5    | Identified the ring of the Cast Vote {Ice rPois Dex+2} (You
                  | acquired it on level 5 of the Realm of Zot)
 75646 | Zot:5    | Identified Gipseydgh's Tome of Arcane Weapons (You acquired
                  | it on level 5 of the Realm of Zot)
 75749 | Zot:5    | Reached skill level 10 in Shields
 75845 | Zot:5    | Found a runed translucent gate.
 75845 | Zot:5    | Found a runed translucent gate.
 75845 | Zot:5    | Found a runed translucent gate.
 75846 | Zot:5    | Noticed cunnyseur's ghost (veteran DDHu)
 76083 | Zot:5    | Killed cunnyseur's ghost
 76211 | Zot:5    | Identified the +9 dagger "Teli Ube" {pierce, *Corrode rPois
                  | Str+6}
 76350 | Zot:5    | Noticed an ancient lich
 76364 | Zot:5    | Killed an ancient lich
 76443 | Zot:5    | Noticed an ancient lich
 76448 | Zot:5    | Killed an ancient lich
 76449 | Zot:5    | Reached skill level 15 in Dodging
 76679 | Zot:5    | Reached skill level 17 in Fighting
 76737 | Zot:5    | Noticed a Killer Klown
 76740 | Zot:5    | Killed a Killer Klown
 76752 | Zot:5    | Noticed an ancient lich
 76754 | Zot:5    | Killed an ancient lich
 76755 | Zot:5    | Reached XP level 26. HP: 187/187 MP: 32/46
 76796 | Zot:5    | Noticed an orb of fire
 76798 | Zot:5    | Noticed an ancient lich
 76799 | Zot:5    | Noticed a Killer Klown
 76801 | Zot:5    | Killed an orb of fire
 76804 | Zot:5    | Killed an ancient lich
 76807 | Zot:5    | Killed a Killer Klown
 76940 | Zot:5    | Noticed an orb of fire
 76941 | Zot:5    | Gained mutation: You tend to lose your temper in combat.
                  | [an orb of fire]
 76945 | Zot:5    | Killed an orb of fire
 76946 | Zot:5    | Reached skill level 21 in Fire Magic
 76951 | Zot:5    | Noticed an orb of fire
 76955 | Zot:5    | Gained mutation: You are weak. (Str -2) [an orb of fire]
 76956 | Zot:5    | Killed an orb of fire
 77027 | Zot:5    | Noticed a Killer Klown
 77029 | Zot:5    | Killed a Killer Klown
 77143 | Zot:5    | Noticed an ancient lich
 77147 | Zot:5    | Killed an ancient lich
 77157 | Zot:5    | Noticed an orb of fire
 77162 | Zot:5    | Gained mutation: You are frail. (-10% HP) [an orb of fire]
 77163 | Zot:5    | Gained mutation: You occasionally shout uncontrollably at
                  | your foes. [an orb of fire]
 77164 | Zot:5    | Killed an orb of fire
 77409 | Zot:5    | Noticed an ancient lich
 77413 | Zot:5    | Killed an ancient lich
 77414 | Zot:5    | Reached skill level 20 in Spellcasting
 77647 | Zot:5    | Noticed an ancient lich
 77650 | Zot:5    | Killed an ancient lich
 78584 | Zot:5    | Got the Orb of Zot
 78626 | Zot:5    | Noticed Hesugg the pandemonium lord
 78631 | Zot:5    | Killed Hesugg the pandemonium lord
 78788 | Zot:1    | Reached skill level 16 in Dodging
 79132 | D:4      | Reached skill level 18 in Fighting
 79132 | D:4      | Reached XP level 27. HP: 175/175 MP: 38/47
 79141 | D:4      | Noticed Bicreuluck the pandemonium lord
 79149 | D:4      | Killed Bicreuluck the pandemonium lord
 79150 | D:4      | Reached skill level 7 in Evocations
 79402 | D:$      | Escaped with the Orb!

Skill      XL: |  1  2  3  4  5  6  7  8  9 10 11 12 13 14 15 16 17 18 19 20 21 22 23 24 25 26 27 |
---------------+----------------------------------------------------------------------------------+-----
Fighting       | 1 2 3 4 5 6 7 8 9 10 12 13 15 17 18 | 18.0
Fire Magic     | 4 5 7 9 12 14 16 17 18 19 20 21 | 21.0
Conjurations   | 2 3 5 7 8 10 11 12 13 14 16 17 18 | 18.0
Spellcasting   | 3 4 5 6 9 11 13 15 16 17 18 19 20 | 20.0
Dodging        | 4 6 7 9 10 11 12 13 14 15 16 | 16.0
Evocations     | 2 5 6 7 |  7.4
Transmutations | 5 |  5.0
Summonings     | 2 5 |  5.0
Translocations | 4 |  4.0
Necromancy     | 6 |  6.0
Hexes          | 4 6 8 9 |  9.0
Shields        | 7 9 10 | 10.0
Charms         | 2 7 |  7.0
Air Magic      | 2 7 |  7.0
Stealth        | |  3.0

Action                   |  1- 3 |  4- 6 |  7- 9 | 10-12 | 13-15 | 16-18 | 19-21 | 22-24 | 25-27 || total
-------------------------+-------+-------+-------+-------+-------+-------+-------+-------+-------++-------
Melee: Unarmed           |     9 |       |       |       |       |       |       |       |       ||     9
       Constrict         |     2 |    12 |    21 |    16 |    25 |     2 |     6 |       |       ||    84
       Tentacles         |     1 |     6 |     5 |    12 |    24 |     5 |     2 |     3 |     1 ||    59
       Dagger            |     1 |     2 |       |       |    17 |    29 |    26 |     8 |     1 ||    84
       Hand axe          |       |    45 |    85 |    14 |       |       |       |       |       ||   144
       Rapier            |       |       |       |    72 |       |       |       |       |       ||    72
       Demon trident     |       |       |       |    23 |   204 |       |       |       |       ||   227
 Fire: Hunting sling     |       |    29 |    15 |    19 |    62 |       |       |       |       ||   125
Throw: Stone             |    11 |    13 |    73 |    10 |       |       |       |       |       ||   107
       Tomahawk          |       |       |       |     9 |     2 |    11 |       |       |       ||    22
 Cast: Flame Tongue      |    62 |    41 |    94 |    48 |       |     1 |       |       |       ||   246
       Flaming Arrows    |     8 |    10 |    24 |     8 |    17 |       |       |       |       ||    67
       Conjure Flame     |       |     6 |     4 |    13 |     2 |       |       |       |       ||    25
       Sticky Flame      |       |     1 |    17 |    44 |    17 |       |       |       |       ||    79
       Fireball          |       |       |     4 |   116 |   149 |    65 |     3 |       |       ||   337
       Irradiate         |       |       |       |    11 |    38 |    35 |    20 |    32 |    17 ||   153
       Iskenderun's Myst |       |       |       |    17 |    83 |       |       |       |       ||   100
       Blink             |       |       |       |     4 |    15 |     2 |     1 |     4 |     1 ||    27
       Summon Butterflie |       |       |       |     3 |       |     3 |       |       |       ||     6
       Bolt of Draining  |       |       |       |       |   322 |   253 |    60 |    24 |     2 ||   661
       Call Imp          |       |       |       |       |   108 |    43 |     2 |     1 |       ||   154
       Orb of Destructio |       |       |       |       |       |    49 |    48 |    70 |    51 ||   218
       Mana Rupture      |       |       |       |       |       |     3 |       |       |       ||     3
       Bolt of Fire      |       |       |       |       |       |   167 |   272 |   315 |    59 ||   813
       Ignition          |       |       |       |       |       |    12 |    90 |    24 |     3 ||   129
       Fire Storm        |       |       |       |       |       |       |       |    54 |   106 ||   160
       Invisibility      |       |       |       |       |       |       |       |     1 |     2 ||     3
       Deflect Missiles  |       |       |       |       |       |       |       |     1 |       ||     1
Evoke: Wand              |       |       |       |     8 |     3 |    12 |     4 |     6 |     3 ||    36
       Sack of spiders   |       |       |       |       |     1 |     1 |     1 |       |       ||     3
       Phial of floods   |       |       |       |       |       |     2 |     1 |     1 |       ||     4
       Lightning rod     |       |       |       |       |       |    10 |     3 |     2 |       ||    15
  Use: Scroll            |     2 |     1 |    10 |    10 |    11 |    17 |     3 |     9 |     6 ||    69
       Potion            |       |     4 |     1 |     4 |       |     6 |     3 |       |     2 ||    20
 Stab: Sleeping          |     1 |     2 |     4 |     3 |     2 |       |       |       |       ||    12
       Paralysed         |       |       |       |       |       |       |     2 |       |       ||     2
  Eat: Chunk             |     7 |    13 |    27 |    46 |    68 |    40 |    39 |    61 |    11 ||   312
       Ration            |       |       |     1 |     8 |    10 |     9 |    11 |     6 |    15 ||    60
Armor: Skin              |     2 |     3 |     3 |     6 |    12 |    20 |     5 |    12 |     3 ||    66
Dodge: Dodged            |    19 |    51 |   104 |   131 |   306 |   197 |   112 |    90 |    25 ||  1035
       Deflected         |       |       |       |       |       |       |       |       |     6 ||     6
Block: Buckler           |       |       |       |       |       |       |     7 |    40 |     6 ||    53
       Reflection        |       |       |       |       |       |       |     1 |    10 |     1 ||    12

Levels and vault maps discovered:
D:1:      lightli_arrival_windingriver, layout_basic, minmay_shallow_snake_nest
D:2:      layout_basic, nzn_wu_jian_council_hall, marbit_many_paths,
          serial_co_window_serial, co_window_of_opportunity_a,
          co_window_paths_a, co_window_paths_a, co_window_corner_a,
          co_window_paths_a, co_window_paths_b, co_window_paths_b,
          co_window_paths_c, co_window_of_opportunity_b, co_window_broadway_a,
          co_window_corner_cb, co_window_broadway_c, glass_columns_a,
          glass_columns_a, glass_columns_a, uniq_terence, uniq_sigmund
D:3:      layout_basic, first_ration, trog_three_pillars_becter, uniq_grinder,
          uniq_jessica, uniq_robin
D:4:      layout_loops_cross, lemuel_round_altar, lemuel_coloured_pillars_altar,
          minmay_temple_entry_nine_rooms, serial_shops, shop,
          kennysheep_little_box, shop, shop,
          nicolae_shop_temple_entry_statues_fountains, gup_sewer_entry_bubbles,
          corexii_checkpoint_a, tgw_kikubaaqudgha, uniq_duvessa, uniq_pikel
D:5:      layout_basic, nicolae_dithmenos_the_darkroom, uniq_eustachio
D:6:      layout_loops_ring, grunt_temple_overflow_open, serial_shops, shop,
          serial_rivers, chequers_serial_rivers_large_a,
          chequers_serial_rivers_large_b, chequers_serial_rivers_small_a,
          chequers_serial_rivers_micro_d, chequers_serial_rivers_micro_d,
          corexii_checkpoint_a, dk_vineyard_2, minmay_chambers_of_fives,
          uniq_menkaure, uniq_edmund
D:7:      layout_loops_cross, david_lair_shrubbed, basic_altar
D:8:      layout_basic, fedhas_altar_fruit_tree, dancing_weapons_uskayaw,
          serial_shops, nicolae_shop_waterfront, shop,
          nicolae_shop_behind_doors, blue_anna_alchemist
          [blue_anna_fruit_fields, blue_anna_fruit_fields], uniq_grum,
          uniq_joseph
D:9:      minmay_klotski, layout_basic, kennysheep_mini,
          nicolae_gozag_cash_rules_everything_around_me
D:10:     minmay_blocky_corners, layout_irregular_city, dk_noncrumbling_4,
          grunt_qazlal_sundering
D:11:     layout_roguey, erik_vaults_2
D:12:     hangedman_depths_entry_try_elsewhere_first, layout_gridville,
          serial_bayou_pond_a, minmay_guarded_unrand_variability
Temple:   minmay_temple_curvy_loop
Lair:1:   layout_gridlike, grunt_forest_small_clearings
Lair:2:   layout_loops_ring
Lair:3:   layout_cave_pods, minmay_swamp_entry_swarm, spider_nest_entry_webs,
          basic_altar, guppyfry_lair_drakes
Lair:4:   layout_concentric_octagons, uniq_urug, uniq_harold
Lair:5:   layout_gridlike, minmay_slime_entry_jelly_boxes, amcnicky_altar_gilded
Lair:6:   minmay_lair_end_enchanted_forest, layout_loops_ring, basic_altar,
          grunt_megastairs_2, serial_bayou_shore_b
Swamp:1:  cheibrodos_swamp_tower_of_moss, layout_falls_marsh,
          evilmike_swamp_ruin_house_5, swamp_pool4, infiniplex_staircase_pool
Swamp:2:  layout_basic_swamp, evilmike_swamp_ruin_house_1
Swamp:3:  swamp_old_school, layout_basic_swamp, swamp_pool1
Spider:1: nicolae_spider_mines_2, amcnicky_altar_lugonu_corruption
Spider:2: layout_spider_delve, portal_ice_cave_entry_dragon,
          nicolae_spider_webbed_stairs, uniq_arachne
Spider:3: spider_rune_water, uniq_bai_suzhen
Slime:1:  layout_caves
Slime:2:  layout_caves
Slime:3:  layout_caves, nicolae_slime_welcoming_committee
Slime:4:  layout_caves, uniq_dissolution
Slime:5
Orc:      st_orc_congregation, layout_caves, serial_shops, shop,
          nicolae_orc_bridge_out
Elf:1:    layout_geoelf_diagonals, minivault_28, uniq_azrael
Elf:2:    layout_geoelf_grid, minmay_elf_sorcery
Elf:3:    elf_hall, layout_geoelf_castle, serial_shops, shop_statue,
          minivault_20, statue_in_the_mist_lemuel
Vaults:1: v_misc_24, minmay_crypt_entry_simple_statues, v_misc_3,
          ontoclasm_vaults_chip, v_rooms_1, vaults_room_grunt_arrival_ludios,
          nicolae_vaults_border_crossing, hangedman_vaults_slither,
          vaults_mumra_chevron_long, nicolae_vaults_specimen_jars,
          grunt_vaults_hallway_short, grunt_vaults_diagonal, layout_vaults_maze,
          serial_shops, shop
Vaults:2: hangedman_vaults_pinch, ontoclasm_vaults_spin,
          nicolae_vaults_statue_guard, ontoclasm_vaults_chip,
          layout_vaults_chaotic_city, nicolae_trove_entry_free_sample
Depths:1: minmay_three_patterns, layout_honeycomb, enter_ziggurat_e,
          minmay_misc_feat_alley, hellmouth_2, abyss_entry, pan_entry,
          tso_metal_star, serial_bayou_shore_a, uniq_asterion, uniq_aizul,
          uniq_sojobo
Depths:2: minmay_mutant_horseshoe, layout_basic, abyss_entry, serial_rivers,
          chequers_serial_rivers_micro_d, chequers_serial_rivers_room_a,
          chequers_serial_rivers_micro_e, chequers_serial_rivers_micro_c,
          hell_entry, minmay_staircase_windowed_large, uniq_nikola
Depths:3: kb_forest_paths, layout_basic, hell_entry, rand_demon_pan_entry_9,
          uniq_jory
Depths:4: evilmike_diamond_2, layout_honeycomb, hell_entry, abyss_entry,
          serial_shops, shop, grunt_ministairs_4
Depths:5: evilmike_zot_entry_argh, layout_gridville, serial_bayou_pond_a,
          hell_entry, nicolae_abyss_entry_one_way_or_another, ashenzari_altar_1,
          minmay_shoptagon
Zot:1:    lemuel_halls_of_wrath, layout_gridville
Zot:2:    layout_basic
Zot:3:    layout_onion_interference, grunt_megastairs_4
Zot:4:    kennysheep_spiral_hall, layout_basic
Zot:5:    layout_basic, gammafunk_ghost_necromancy

Table legend:
 A = Turns spent in this place as a percentage of turns spent in the entire game.
 B = Non-inter-level travel turns spent in this place as a percentage of non-inter-level travel turns spent in the entire game.
 C = Inter-level travel turns spent in this place as a percentage of turns spent in this place.
 D = Turns resting spent in this place as a percentage of non-inter-level travel turns spent in this place.
 E = Turns spent auto-exploring this place as a percentage of non-inter-level travel turns spent in this place.
 F = Non-inter-level travel turns spent in this place divided by the number of levels of this place that you've seen.
                   A       B       C       D       E      F
               +-------+-------+-------+-------+-------+----------------------
         Total | 100.0 | 100.0 |   9.8 |  36.1 |  43.1 | 1557.2
       Dungeon |  26.5 |  24.9 |  15.3 |  24.0 |  53.5 | 1487.3
        Temple |   0.3 |   0.3 |   8.4 |   0.0 |  88.0 | 208.0
          Lair |  15.3 |  14.8 |  13.1 |  34.0 |  43.8 | 1764.3
         Swamp |   6.3 |   6.7 |   3.1 |  43.0 |  40.7 | 1606.3
   Spider Nest |   6.2 |   6.6 |   3.3 |  41.6 |  43.3 | 1577.7
    Slime Pits |   2.7 |   2.8 |   5.5 |  66.1 |   7.7 | 398.0
  Orcish Mines |   3.6 |   3.3 |  17.8 |  34.5 |  42.1 | 2347.0
   Elven Halls |   7.6 |   7.7 |   8.5 |  35.0 |  39.0 | 1832.7
        Vaults |   7.4 |   8.1 |   1.6 |  40.8 |  40.0 | 2902.5
        Depths |  15.1 |  15.5 |   7.3 |  34.9 |  48.9 | 2215.4
           Zot |   9.1 |   9.4 |   7.1 |  54.7 |  22.1 | 1344.2
               +-------+-------+-------+-------+-------+----------------------

Table legend:
 A = Kills in this place as a percentage of kills in entire the game.
 B = Kills by you in this place as a percentage of kills by you in the entire game.
 C = Kills by friends in this place as a percentage of kills by friends in the entire game.
 D = Other kills in this place as a percentage of other kills in the entire game.
 E = Experience gained in this place as a percentage of experience gained in the entire game.
 F = Experience gained in this place divided by the number of levels of this place that you have seen.
                   A       B       C       D       E      F
               +-------+-------+-------+-------+-------+----------------------
         Total | 100.0 | 100.0 | 100.0 | 100.0 | 100.0 | 27680.0
       Dungeon |  20.2 |  20.1 |  26.5 |   0.0 |   4.8 | 5086.2
          Lair |   9.9 |  10.1 |   0.0 |   0.0 |   3.6 | 7701.2
         Swamp |   5.2 |   5.0 |  14.7 |   0.0 |   4.0 | 17009.0
   Spider Nest |   6.9 |   7.1 |   0.0 |   0.0 |   4.5 | 19194.0
    Slime Pits |   7.4 |   7.5 |   0.0 |   0.0 |   8.5 | 21574.0
  Orcish Mines |   6.6 |   6.2 |  29.4 |   0.0 |   1.1 | 14218.0
   Elven Halls |   7.9 |   7.9 |   5.9 |   0.0 |   8.0 | 34116.3
        Vaults |  11.0 |  11.0 |   2.9 |  50.0 |  11.5 | 73129.5
        Depths |  16.1 |  16.2 |   8.8 |  50.0 |  25.9 | 66031.2
           Zot |   8.9 |   8.9 |  11.8 |   0.0 |  28.0 | 71315.8
               +-------+-------+-------+-------+-------+----------------------
